Rocket vs Barracuda
(R1)
Created - December 23, 2021 at 19:23
Goals
|
| Rocket |
0 |
2 |
1 |
3 |
| Barracuda |
1 |
4 |
1 |
6 |
|
Shots
|
| Rocket |
7 |
9 |
8 |
24 |
| Barracuda |
3 |
14 |
18 |
35 |
|
1st period
1. Barracuda , David Shields 1 (Justin Shugg 3, Cole Ully 6) at 14:18 (PP)
Penalties :
Andrey Pedan (Lav) for Hooking (Minor) at 14:12
2nd period
2. Barracuda , Chris Wagner 2 (Theodor Blueger 4) at 0:56
3. Barracuda , Cole Ully 3 (Chris Wagner 5, Arturs Kulda 4) at 6:00
4. Barracuda , Cole Ully 4 (William Carrier 7, Sam Carrick 9) at 6:28
5. Rocket , Danton Heinen 4 (Andrei Mironov 4) at 6:57
6. Barracuda , Cole Ully 5 (Emil Pettersson 6, Justin Shugg 4) at 10:22 (PP)
7. Rocket , Peter Holland 2 (Danton Heinen 3) at 19:14
Penalties :
Adrian Kempe (Lav) for Hooking (Minor) at 8:38, Karson Kuhlman (Lav) for Holding (Minor) at 14:05, Kole Sherwood (Lav) for Roughing (Minor) at 16:53
3rd period
8. Rocket , Corey Trivino 2 (Mattias Tedenby 4) at 8:52
9. Barracuda , William Carrier 7 (Brandon Kozun 1, Sam Carrick 10) at 18:35
Penalties :
Danton Heinen (Lav) for Tripping (Minor) at 0:44, Brandon Kozun (S.J) for Tripping (Minor) at 3:27, Andrey Pedan (Lav) for Diving (Minor) at 15:10
Goalie Stats
Jean-Francois Berube (Lav), 4 saves from 8 shots - (0.500), L, 4-3-1, 26:28 minutes
Adam Werner (Lav), 25 saves from 27 shots - (0.926), 33:32 minutes
Joacim Eriksson (S.J), 21 saves from 24 shots - (0.875), W, 5-2-0, 60:00 minutes
Players Stats for Rocket
Player Name G A P +/- PIM S H SB GA TA FO MP PP MP PK MP
------------------------------------------------------------------------------------
Adam Fox 0 0 0 -3 0 1 0 0 1 1 0/0 19:44 0:56 0:34
Adrian Kempe 0 0 0 1 2 2 3 0 1 0 0/1 16:06 1:08 1:29
Andrei Mironov 0 1 1 0 0 1 0 1 0 0 0/0 19:40 1:03 4:28
Andrey Pedan 0 0 0 1 4 0 3 0 0 1 0/0 21:03 1:03 4:50
Blake Hillman 0 0 0 1 0 0 1 0 0 0 0/0 13:30 0:00 0:00
Corey Trivino 1 0 1 -1 0 2 1 0 0 0 9/14 19:54 0:58 2:38
Danton Heinen 1 1 2 1 2 4 1 0 1 0 2/2 16:09 0:58 2:06
Dominic Turgeon 0 0 0 -1 0 1 0 0 0 1 2/4 11:23 0:10 0:00
Jack Glover 0 0 0 1 0 3 0 1 1 1 0/0 17:36 0:00 3:49
Jiri Sekac 0 0 0 -1 0 1 2 0 1 0 0/0 11:14 0:00 0:00
Karson Kuhlman 0 0 0 0 2 0 0 1 1 0 1/2 7:55 0:00 0:00
Kole Sherwood 0 0 0 0 2 1 0 0 0 0 0/0 7:52 0:00 0:00
Mattias Tedenby 0 1 1 -1 0 3 0 0 0 2 2/8 22:53 0:51 5:44
Peter Holland 1 0 1 1 0 3 1 0 0 0 11/17 15:35 0:51 1:53
Sergey Tolchinsky 0 0 0 0 0 0 1 0 0 0 1/1 7:53 0:00 0:00
Ty Rattie 0 0 0 -1 0 1 1 0 0 0 0/0 11:14 0:10 0:00
Tyler Pitlick 0 0 0 -1 0 1 2 0 0 0 1/3 22:59 0:51 5:42
Viktor Loov 0 0 0 -2 0 0 1 1 0 1 0/0 27:28 0:56 5:51
Players Stats for Barracuda
Player Name G A P +/- PIM S H SB GA TA FO MP PP MP PK MP
------------------------------------------------------------------------------------
Alex Henriksson 0 0 0 -1 0 2 1 0 0 0 0/0 13:10 0:09 0:29
Arturs Kulda 0 1 1 0 0 2 4 0 2 0 0/0 27:37 4:31 1:08
Brandon Kozun 0 1 1 0 2 5 1 2 2 2 0/1 24:35 4:45 0:00
Chris Wagner 1 1 2 -1 0 3 2 0 0 1 0/0 13:16 0:09 0:00
Cole Ully 3 1 4 2 0 6 1 0 0 1 0/0 18:30 5:01 0:26
David Shields 1 0 1 1 0 1 0 0 0 1 0/0 20:33 5:15 0:51
Drew O'Connor 0 0 0 0 0 0 0 0 0 0 0/0 1:10 0:00 0:00
Emil Pettersson 0 1 1 2 0 4 0 0 0 0 6/16 18:33 5:01 0:26
Jakob Chychrun 0 0 0 0 0 1 0 0 0 0 0/0 12:09 0:00 0:00
Justin Shugg 0 2 2 2 0 0 0 0 0 0 0/0 18:18 5:01 0:29
Luca Sbisa 0 0 0 0 0 1 1 4 0 0 0/0 27:30 4:31 1:08
Noah Gregor 0 0 0 0 0 0 0 0 0 0 1/2 9:10 0:00 0:00
Robin Norell 0 0 0 0 0 0 0 0 0 0 0/0 12:09 0:00 0:00
Sam Carrick 0 2 2 0 0 4 3 0 0 0 15/24 18:48 4:36 1:04
Samuel Groulx 0 0 0 1 0 0 2 0 0 1 0/0 20:51 5:15 0:51
Tanner Jeannot 0 0 0 0 0 0 0 0 0 0 0/0 9:10 0:00 0:00
Theodor Blueger 0 1 1 -1 0 2 1 1 2 0 1/6 12:40 0:00 0:00
William Carrier 1 1 2 0 0 4 2 0 1 0 0/3 18:47 4:36 1:04
3 Stars
1 - Cole Ully (S.J)
2 - William Carrier (S.J)
3 - Justin Shugg (S.J)
Power Play
Rocket - 0 on 1 Attempt(s) - 0.00%
Barracuda - 2 on 6 Attempt(s) - 33.33%
Penalty Kill
Rocket - 4 on 6 Attempt(s) - 66.67%
- Score 0 goal in Penalty Kill
Barracuda - 1 on 1 Attempt(s) - 100.00%
- Score 0 goal in Penalty Kill
Team Stat
Rocket - Hits : 17 - Faceoff Wins : 29 - Blocked Shots : 4 - Penalty Minutes : 12
Barracuda - Hits : 18 - Faceoff Wins : 23 - Blocked Shots : 7 - Penalty Minutes : 2
Official
Referees : Trevor Hanson and Reid Anderson
Linesman : Steve Miller and Greg Devorski
Game Notes
Adam Werner enters game at 6:28 of 2nd period
Cole Ully has scored a Hat Trick!
Finance
Level 1 -- Attendance: 1713 (85.65%) -- Ticket Income $59,955
Level 2 -- Attendance: 884 (88.40%) -- Ticket Income $13,260
Total Attendance: 2597 (86.57%)
Total Ticket Income: $73,215
Other Income: $3,661
Total Income: $76,876
Rocket
5 vs 5 Forward
Center Left Wing Right Wing Time % Phy DF OF
1 Corey Trivino Tyler Pitlick Mattias Tedenby 40 1 2 2
2 Peter Holland Adrian Kempe Danton Heinen 30 1 2 2
3 Dominic Turgeon Jiri Sekac Ty Rattie 20 1 2 2
4 Karson Kuhlman Sergey Tolchinsky Kole Sherwood 10 1 2 2
5 vs 5 Defense
Defense Defense Time % Phy DF OF
1 Viktor Loov Adam Fox 40 1 2 2
2 Andrei Mironov Andrey Pedan 30 1 2 2
3 Jack Glover Blake Hillman 20 1 2 2
4 Viktor Loov Andrey Pedan 10 1 2 2
PowerPlay Forward
Center Left Wing Right Wing Time % Phy DF OF
1 Corey Trivino Adrian Kempe Danton Heinen 60 1 2 2
2 Peter Holland Tyler Pitlick Mattias Tedenby 40 1 2 2
PowerPlay Defense
Defense Defense Time % Phy DF OF
1 Viktor Loov Adam Fox 60 1 2 2
2 Andrei Mironov Andrey Pedan 40 1 2 2
Penalty Kill 4 Players Forward
Center Wing Time % Phy DF OF
1 Mattias Tedenby Tyler Pitlick 60 1 2 2
2 Corey Trivino Danton Heinen 40 1 2 2
Penalty Kill 4 Players Defense
Defense Defense Time % Phy DF OF
1 Viktor Loov Andrey Pedan 60 1 2 2
2 Andrei Mironov Jack Glover 40 1 2 2
Penalty Kill - 3 Players Forward
Forward Time % Phy DF OF
1 Mattias Tedenby 60 1 2 2
2 Tyler Pitlick 40 1 2 2
Penalty Kill - 3 Players Defense
Defense Defense Time % Phy DF OF
1 Viktor Loov Andrey Pedan 60 1 2 2
2 Andrei Mironov Jack Glover 40 1 2 2
4 vs 4 Forward
Center Wing Time % Phy DF OF
1 Mattias Tedenby Tyler Pitlick 60 1 2 2
2 Corey Trivino Danton Heinen 40 1 2 2
4 vs 4 Defense
Defense Defense Time % Phy DF OF
1 Viktor Loov Andrey Pedan 60 1 2 2
2 Andrei Mironov Jack Glover 40 1 2 2
Last Minutes Offensive
Center Left Wing Right Wing Defense Defense
Corey Trivino Adrian Kempe Danton Heinen Viktor Loov Andrey Pedan
Last Minutes Defensive
Center Left Wing Right Wing Defense Defense
Corey Trivino Tyler Pitlick Mattias Tedenby Viktor Loov Andrey Pedan
Goaltenders
Starting : Jean-Francois Berube
Backup : Adam Werner
Extra Forwards
Normal : Adrian Kempe, Danton Heinen, Mattias Tedenby - PP : Danton Heinen, Adrian Kempe - PK : Peter Holland
Extra Defensemen
Normal : Adam Fox, Viktor Loov, Andrei Mironov - PP : Adam Fox - PK : Andrey Pedan, Andrei Mironov
Penalty Shots
Mattias Tedenby, Tyler Pitlick, Corey Trivino, Danton Heinen, Viktor Loov
Scratches
Daniel Sprong (Healthy), Dean Kukan (Healthy), Mason Appleton (Healthy), Tyler Lewington (Healthy), Luke Kunin (Healthy)
Mikhail Maltsev (Healthy)
Barracuda
5 vs 5 Forward
Center Left Wing Right Wing Time % Phy DF OF
1 Sam Carrick William Carrier Brandon Kozun 40 1 2 2
2 Emil Pettersson Cole Ully Justin Shugg 30 1 2 2
3 Theodor Blueger Alex Henriksson Chris Wagner 20 1 2 2
4 Noah Gregor Tanner Jeannot Brandon Kozun 10 1 2 2
5 vs 5 Defense
Defense Defense Time % Phy DF OF
1 Arturs Kulda Luca Sbisa 40 1 2 2
2 Samuel Groulx David Shields 30 1 2 2
3 Robin Norell Jakob Chychrun 20 1 2 2
4 Arturs Kulda Luca Sbisa 10 1 2 2
PowerPlay Forward
Center Left Wing Right Wing Time % Phy DF OF
1 Sam Carrick William Carrier Brandon Kozun 60 1 2 2
2 Emil Pettersson Cole Ully Justin Shugg 40 1 2 2
PowerPlay Defense
Defense Defense Time % Phy DF OF
1 Arturs Kulda Luca Sbisa 60 1 2 2
2 Samuel Groulx David Shields 40 1 2 2
Penalty Kill 4 Players Forward
Center Wing Time % Phy DF OF
1 Sam Carrick William Carrier 60 1 2 2
2 Emil Pettersson Cole Ully 40 1 2 2
Penalty Kill 4 Players Defense
Defense Defense Time % Phy DF OF
1 Arturs Kulda Luca Sbisa 60 1 2 2
2 Samuel Groulx David Shields 40 1 2 2
Penalty Kill - 3 Players Forward
Forward Time % Phy DF OF
1 Sam Carrick 60 1 2 2
2 Emil Pettersson 40 1 2 2
Penalty Kill - 3 Players Defense
Defense Defense Time % Phy DF OF
1 Arturs Kulda Luca Sbisa 60 1 2 2
2 Samuel Groulx David Shields 40 1 2 2
4 vs 4 Forward
Center Wing Time % Phy DF OF
1 Sam Carrick William Carrier 60 1 2 2
2 Emil Pettersson Cole Ully 40 1 2 2
4 vs 4 Defense
Defense Defense Time % Phy DF OF
1 Arturs Kulda Luca Sbisa 60 1 2 2
2 Samuel Groulx David Shields 40 1 2 2
Last Minutes Offensive
Center Left Wing Right Wing Defense Defense
Sam Carrick William Carrier Brandon Kozun Arturs Kulda Luca Sbisa
Last Minutes Defensive
Center Left Wing Right Wing Defense Defense
Sam Carrick William Carrier Brandon Kozun Arturs Kulda Luca Sbisa
Goaltenders
Starting : Joacim Eriksson
Backup : Oscar Dansk
Extra Forwards
Normal : Justin Shugg, Chris Wagner, Theodor Blueger - PP : Justin Shugg, Chris Wagner - PK : Justin Shugg
Extra Defensemen
Normal : David Shields, Robin Norell, Jakob Chychrun - PP : David Shields - PK : David Shields, Robin Norell
Penalty Shots
Sam Carrick, Brandon Kozun, William Carrier, Emil Pettersson, Justin Shugg
Scratches
Alex Lintuniemi (Healthy), Jerome Gauthier-Leduc (Healthy), Mario Lucia (Severed Right Wrist Tendon Injury), Thomas Gobeil (Healthy), Dennis Cholowski (Healthy)
Michael Pezzetta (Healthy), Kevin Lankinen (Healthy)
% Time on Ice - Rocket
Lines # - Real PCT - Wanted PCT - Time Play
Normal Forward
1 - 34% - 40% - 16:35
2 - 27% - 30% - 12:50
3 - 23% - 20% - 11:02
4 - 16% - 10% - 7:48
Normal Defense
1 - 41% - 40% - 19:40
2 - 28% - 30% - 13:18
3 - 28% - 20% - 13:30
4 - 4% - 10% - 1:47
PP Forward
1 - 57% - 60% - 1:08
2 - 43% - 40% - 0:51
PP Defense
1 - 47% - 60% - 0:56
2 - 53% - 40% - 1:03
PK Forward
1 - 72% - 60% - 7:02
2 - 28% - 40% - 2:44
PK Defense
1 - 72% - 60% - 6:59
2 - 28% - 40% - 2:47
PK3 Forward
1 - 0% - 60%
2 - 0% - 40%
PK3 Defense
1 - 0% - 60%
2 - 0% - 40%
44 Forward
1 - 0% - 60%
2 - 0% - 40%
44 Defense
1 - 0% - 60%
2 - 0% - 40%
Last Minute Offensive - 0:00
Last Minute Defensive - 0:00
Total
Forward - 60:00
Defense - 60:00
|
% Time on Ice - Barracuda
Lines # - Real PCT - Wanted PCT - Time Play
Normal Forward
1 - 26% - 40% - 12:42
2 - 28% - 30% - 13:40
3 - 26% - 20% - 12:43
4 - 19% - 10% - 9:10
Normal Defense
1 - 40% - 40% - 19:23
2 - 30% - 30% - 14:36
3 - 25% - 20% - 12:09
4 - 4% - 10% - 2:07
PP Forward
1 - 49% - 60% - 4:45
2 - 51% - 40% - 5:01
PP Defense
1 - 46% - 60% - 4:31
2 - 54% - 40% - 5:15
PK Forward
1 - 78% - 60% - 1:33
2 - 22% - 40% - 0:26
PK Defense
1 - 57% - 60% - 1:08
2 - 43% - 40% - 0:51
PK3 Forward
1 - 0% - 60%
2 - 0% - 40%
PK3 Defense
1 - 0% - 60%
2 - 0% - 40%
44 Forward
1 - 0% - 60%
2 - 0% - 40%
44 Defense
1 - 0% - 60%
2 - 0% - 40%
Last Minute Offensive - 0:00
Last Minute Defensive - 0:00
Total
Forward - 60:00
Defense - 60:00
|
Play-by-Play
1st period
0:01 of 1st period - Sam Carrick wins face-off versus Corey Trivino in neutral zone.
1:10 of 1st period - Andrey Pedan is hit by William Carrier and loses puck.
1:29 of 1st period - Samuel Groulx is hit by Tyler Pitlick and loses puck.
1:42 of 1st period - Snap shot by Mattias Tedenby.
1:42 of 1st period - Stopped by Joacim Eriksson with a rebound.
1:49 of 1st period - Icing by David Shields.
1:50 of 1st period - Peter Holland wins face-off versus Noah Gregor in Barracuda zone.
1:57 of 1st period - Slapshot by Danton Heinen.
1:57 of 1st period - Stopped by Joacim Eriksson with a rebound.
2:00 of 1st period - Icing by Justin Shugg.
2:01 of 1st period - Emil Pettersson wins face-off versus Dominic Turgeon in Barracuda zone.
2:10 of 1st period - Wrist shot by Justin Shugg.
2:10 of 1st period - Shot Misses the Net.
2:57 of 1st period - Off-side.
2:58 of 1st period - Corey Trivino wins face-off versus Sam Carrick in neutral zone.
3:56 of 1st period - Snap shot by Mattias Tedenby.
3:56 of 1st period - Stopped by Joacim Eriksson with a rebound.
3:58 of 1st period - Slapshot by Jack Glover.
3:58 of 1st period - Stopped by Joacim Eriksson with a rebound.
4:42 of 1st period - Snap shot by Mattias Tedenby.
4:42 of 1st period - Shot Misses the Net.
5:17 of 1st period - Adam Fox is hit by Arturs Kulda and loses puck.
5:32 of 1st period - Snap shot by Mattias Tedenby.
5:32 of 1st period - Shot Misses the Net.
5:38 of 1st period - Snap shot by Arturs Kulda.
5:38 of 1st period - Shot Misses the Net.
5:40 of 1st period - Slapshot by Brandon Kozun.
5:40 of 1st period - Shot Misses the Net.
5:42 of 1st period - Snap shot by Noah Gregor.
5:42 of 1st period - Shot Misses the Net.
5:44 of 1st period - Wrist shot by Brandon Kozun.
5:44 of 1st period - Shot Misses the Net.
6:15 of 1st period - Slapshot by Brandon Kozun.
6:15 of 1st period - Shot Blocked by Jack Glover.
6:17 of 1st period - Slapshot by Luca Sbisa.
6:17 of 1st period - Shot Misses the Net.
6:35 of 1st period - Tyler Pitlick is hit by Brandon Kozun and loses puck.
6:50 of 1st period - Slapshot by Jack Glover.
6:50 of 1st period - Stopped by Joacim Eriksson with a rebound.
7:22 of 1st period - Snap shot by Brandon Kozun.
7:22 of 1st period - Shot Misses the Net.
7:34 of 1st period - Slapshot by Brandon Kozun.
7:34 of 1st period - Stopped by Jean-Francois Berube with a rebound.
8:08 of 1st period - Snap shot by Brandon Kozun.
8:08 of 1st period - Shot Misses the Net.
8:18 of 1st period - Luca Sbisa is hit by Corey Trivino and loses puck.
8:48 of 1st period - Snap shot by Mattias Tedenby.
8:48 of 1st period - Shot Hit the Post.
9:35 of 1st period - Icing by Tyler Pitlick.
9:36 of 1st period - Corey Trivino wins face-off versus Emil Pettersson in Rocket zone.
9:51 of 1st period - Slapshot by Tyler Pitlick.
9:51 of 1st period - Shot Misses the Net.
9:53 of 1st period - Snap shot by Mattias Tedenby.
9:53 of 1st period - Stopped by Joacim Eriksson without a rebound.
9:54 of 1st period - Peter Holland wins face-off versus Theodor Blueger in Barracuda zone.
10:30 of 1st period - Wrist shot by Ty Rattie.
10:30 of 1st period - Stopped by Joacim Eriksson with a rebound.
10:45 of 1st period - Off-side.
10:46 of 1st period - Karson Kuhlman wins face-off versus Emil Pettersson in neutral zone.
11:21 of 1st period - Robin Norell is hit by Andrey Pedan and loses puck.
12:21 of 1st period - Sergey Tolchinsky is hit by Theodor Blueger.
13:06 of 1st period - Jiri Sekac is hit by Sam Carrick and loses puck.
14:12 of 1st period - Minor Penalty to Andrey Pedan for Hooking.
14:13 of 1st period - Emil Pettersson wins face-off versus Peter Holland in Rocket zone.
14:14 of 1st period - Wrist shot by Cole Ully.
14:14 of 1st period - Stopped by Jean-Francois Berube with a rebound.
14:16 of 1st period - Wrist shot by Justin Shugg.
14:16 of 1st period - Shot Misses the Net.
14:18 of 1st period - Slapshot by David Shields.
14:18 of 1st period - Goal by David Shields - Rocket : 0 - Barracuda : 1.
14:19 of 1st period - Danton Heinen wins face-off versus Theodor Blueger in neutral zone.
14:44 of 1st period - Ty Rattie is hit by Samuel Groulx and loses puck.
16:00 of 1st period - Dominic Turgeon is hit by Chris Wagner and loses puck.
16:13 of 1st period - Karson Kuhlman is hit by Cole Ully and loses puck.
16:56 of 1st period - Robin Norell is hit by Blake Hillman and loses puck.
17:03 of 1st period - Karson Kuhlman is hit by Chris Wagner and loses puck.
17:18 of 1st period - Arturs Kulda is hit by Jiri Sekac and loses puck.
Goals for this period are 0 for Rocket vs 1 for Barracuda.
Shots for this period are 7 for Rocket vs 3 for Barracuda.
2nd period
0:01 of 2nd period - Sam Carrick wins face-off versus Peter Holland in neutral zone.
0:03 of 2nd period - Off-side.
0:04 of 2nd period - Peter Holland wins face-off versus William Carrier in neutral zone.
0:06 of 2nd period - Adam Fox is hit by Arturs Kulda and loses puck.
0:48 of 2nd period - Slapshot by Theodor Blueger.
0:48 of 2nd period - Shot Misses the Net.
0:54 of 2nd period - Wrist shot by Theodor Blueger.
0:54 of 2nd period - Shot Misses the Net.
0:56 of 2nd period - Wrist shot by Chris Wagner.
0:56 of 2nd period - Goal by Chris Wagner - Rocket : 0 - Barracuda : 2.
0:57 of 2nd period - Sam Carrick wins face-off versus Adrian Kempe in neutral zone.
1:12 of 2nd period - Slapshot by Adrian Kempe.
1:12 of 2nd period - Stopped by Joacim Eriksson with a rebound.
2:14 of 2nd period - Snap shot by Sam Carrick.
2:14 of 2nd period - Shot Misses the Net.
2:29 of 2nd period - Off-side.
2:30 of 2nd period - Corey Trivino wins face-off versus Emil Pettersson in neutral zone.
2:41 of 2nd period - Samuel Groulx is hit by Andrey Pedan and loses puck.
2:58 of 2nd period - Snap shot by Dominic Turgeon.
2:58 of 2nd period - Stopped by Joacim Eriksson with a rebound.
3:28 of 2nd period - Wrist shot by Adrian Kempe.
3:28 of 2nd period - Deflect By Danton Heinen.
3:28 of 2nd period - Stopped by Joacim Eriksson with a rebound.
3:59 of 2nd period - Icing by Chris Wagner.
4:00 of 2nd period - Noah Gregor wins face-off versus Karson Kuhlman in Barracuda zone.
4:19 of 2nd period - Chris Wagner is hit by Adrian Kempe and loses puck.
4:34 of 2nd period - Slapshot by Mattias Tedenby.
4:34 of 2nd period - Shot Blocked by Brandon Kozun.
4:44 of 2nd period - Cole Ully is hit by Tyler Pitlick and loses puck.
5:56 of 2nd period - Slapshot by Chris Wagner.
5:56 of 2nd period - Stopped by Jean-Francois Berube with a rebound.
5:58 of 2nd period - Wrist shot by Cole Ully.
5:58 of 2nd period - Shot Misses the Net.
6:00 of 2nd period - Wrist shot by Cole Ully.
6:00 of 2nd period - Goal by Cole Ully - Rocket : 0 - Barracuda : 3.
6:01 of 2nd period - Danton Heinen wins face-off versus Brandon Kozun in neutral zone.
6:14 of 2nd period - Snap shot by William Carrier.
6:14 of 2nd period - Stopped by Jean-Francois Berube with a rebound.
6:28 of 2nd period - Slapshot by Cole Ully.
6:28 of 2nd period - Goal by Cole Ully - Rocket : 0 - Barracuda : 4.
6:28 of 2nd period - Adam Werner enters game.
6:29 of 2nd period - Peter Holland wins face-off versus Sam Carrick in neutral zone.
6:35 of 2nd period - Icing by William Carrier.
6:36 of 2nd period - Sam Carrick wins face-off versus Peter Holland in Barracuda zone.
6:43 of 2nd period - Andrey Pedan is hit by Arturs Kulda.
6:44 of 2nd period - Icing by Andrey Pedan.
6:45 of 2nd period - Peter Holland wins face-off versus William Carrier in Rocket zone.
6:52 of 2nd period - William Carrier is hit by Danton Heinen and loses puck.
6:57 of 2nd period - Snap shot by Danton Heinen.
6:57 of 2nd period - Goal by Danton Heinen - Rocket : 1 - Barracuda : 4.
6:58 of 2nd period - Sam Carrick wins face-off versus Corey Trivino in neutral zone.
7:10 of 2nd period - Off-side.
7:11 of 2nd period - Sam Carrick wins face-off versus Peter Holland in neutral zone.
7:14 of 2nd period - Wrist shot by Brandon Kozun.
7:14 of 2nd period - Deflect By Sam Carrick.
7:14 of 2nd period - Shot Misses the Net.
7:14 of 2nd period - Puck is out of play.
7:15 of 2nd period - Sam Carrick wins face-off versus Peter Holland in Rocket zone.
7:44 of 2nd period - Luca Sbisa is hit by Jiri Sekac and loses puck.
7:51 of 2nd period - Snap shot by Arturs Kulda.
7:51 of 2nd period - Shot Misses the Net.
7:53 of 2nd period - Slapshot by Brandon Kozun.
7:53 of 2nd period - Stopped by Adam Werner with a rebound.
8:05 of 2nd period - Slapshot by Sam Carrick.
8:05 of 2nd period - Stopped by Adam Werner with a rebound.
8:23 of 2nd period - Snap shot by Sam Carrick.
8:23 of 2nd period - Deflect By William Carrier.
8:23 of 2nd period - Shot Misses the Net.
8:23 of 2nd period - Puck is out of play.
8:24 of 2nd period - Peter Holland wins face-off versus Emil Pettersson in Rocket zone.
8:38 of 2nd period - Minor Penalty to Adrian Kempe for Hooking.
8:39 of 2nd period - Emil Pettersson wins face-off versus Mattias Tedenby in Rocket zone.
8:44 of 2nd period - Slapshot by Samuel Groulx.
8:44 of 2nd period - Deflect By Justin Shugg.
8:44 of 2nd period - Shot Misses the Net.
8:44 of 2nd period - Puck is out of play.
8:45 of 2nd period - Emil Pettersson wins face-off versus Mattias Tedenby in Rocket zone.
9:13 of 2nd period - Off-side.
9:14 of 2nd period - Sam Carrick wins face-off versus Mattias Tedenby in neutral zone.
9:19 of 2nd period - Mattias Tedenby is hit by Sam Carrick and loses puck.
9:44 of 2nd period - Icing by Cole Ully.
9:45 of 2nd period - Mattias Tedenby wins face-off versus Emil Pettersson in Barracuda zone.
9:46 of 2nd period - Snap shot by Tyler Pitlick.
9:46 of 2nd period - Stopped by Joacim Eriksson with a rebound.
9:54 of 2nd period - Slapshot by Samuel Groulx.
9:54 of 2nd period - Shot Misses the Net.
10:06 of 2nd period - Wrist shot by Justin Shugg.
10:06 of 2nd period - Shot Misses the Net.
10:20 of 2nd period - Wrist shot by Cole Ully.
10:20 of 2nd period - Stopped by Adam Werner with a rebound.
10:22 of 2nd period - Wrist shot by Cole Ully.
10:22 of 2nd period - Goal by Cole Ully - Rocket : 1 - Barracuda : 5.
10:23 of 2nd period - Peter Holland wins face-off versus Sam Carrick in neutral zone.
10:56 of 2nd period - Wrist shot by Justin Shugg.
10:56 of 2nd period - Shot Misses the Net.
11:53 of 2nd period - Snap shot by Peter Holland.
11:53 of 2nd period - Stopped by Joacim Eriksson with a rebound.
11:55 of 2nd period - Snap shot by Danton Heinen.
11:55 of 2nd period - Shot Misses the Net.
11:57 of 2nd period - Snap shot by Danton Heinen.
11:57 of 2nd period - Deflect By Adrian Kempe.
11:57 of 2nd period - Stopped by Joacim Eriksson with a rebound.
14:05 of 2nd period - Minor Penalty to Karson Kuhlman for Holding.
14:06 of 2nd period - Sam Carrick wins face-off versus Mattias Tedenby in Rocket zone.
14:09 of 2nd period - Slapshot by Sam Carrick.
14:09 of 2nd period - Stopped by Adam Werner without a rebound.
14:10 of 2nd period - Sam Carrick wins face-off versus Tyler Pitlick in Rocket zone.
14:43 of 2nd period - Wrist shot by Emil Pettersson.
14:43 of 2nd period - Stopped by Adam Werner with a rebound.
14:45 of 2nd period - Slapshot by Cole Ully.
14:45 of 2nd period - Deflect By Emil Pettersson.
14:45 of 2nd period - Stopped by Adam Werner with a rebound.
15:33 of 2nd period - David Shields is hit by Peter Holland and loses puck.
16:05 of 2nd period - Penalty to Karson Kuhlman is over, Karson Kuhlman is back on ice.
16:21 of 2nd period - Wrist shot by Chris Wagner.
16:21 of 2nd period - Stopped by Adam Werner with a rebound.
16:39 of 2nd period - Snap shot by Brandon Kozun.
16:39 of 2nd period - Shot Blocked by Karson Kuhlman.
16:41 of 2nd period - Wrist shot by Noah Gregor.
16:41 of 2nd period - Shot Misses the Net.
16:53 of 2nd period - Minor Penalty to Kole Sherwood for Roughing.
16:54 of 2nd period - Emil Pettersson wins face-off versus Mattias Tedenby in Rocket zone.
17:09 of 2nd period - Wrist shot by Emil Pettersson.
17:09 of 2nd period - Stopped by Adam Werner with a rebound.
18:25 of 2nd period - Icing by Luca Sbisa.
18:26 of 2nd period - Peter Holland wins face-off versus Emil Pettersson in Barracuda zone.
18:53 of 2nd period - Penalty to Kole Sherwood is over, Kole Sherwood is back on ice.
19:10 of 2nd period - Wrist shot by Jiri Sekac.
19:10 of 2nd period - Stopped by Joacim Eriksson without a rebound.
19:11 of 2nd period - Peter Holland wins face-off versus Theodor Blueger in Barracuda zone.
19:14 of 2nd period - Wrist shot by Peter Holland.
19:14 of 2nd period - Goal by Peter Holland - Rocket : 2 - Barracuda : 5.
19:15 of 2nd period - Tyler Pitlick wins face-off versus Sam Carrick in neutral zone.
19:28 of 2nd period - Wrist shot by Corey Trivino.
19:28 of 2nd period - Shot Misses the Net.
19:30 of 2nd period - Snap shot by Viktor Loov.
19:30 of 2nd period - Shot Blocked by Luca Sbisa.
Goals for this period are 2 for Rocket vs 4 for Barracuda.
Shots for this period are 9 for Rocket vs 14 for Barracuda.
3rd period
0:01 of 3rd period - Corey Trivino wins face-off versus William Carrier in neutral zone.
0:08 of 3rd period - Arturs Kulda is hit by Viktor Loov and loses puck.
0:16 of 3rd period - Off-side.
0:17 of 3rd period - Emil Pettersson wins face-off versus Peter Holland in neutral zone.
0:22 of 3rd period - Slapshot by Arturs Kulda.
0:22 of 3rd period - Stopped by Adam Werner without a rebound.
0:23 of 3rd period - Peter Holland wins face-off versus Emil Pettersson in Rocket zone.
0:44 of 3rd period - Minor Penalty to Danton Heinen for Tripping.
0:45 of 3rd period - Mattias Tedenby wins face-off versus Sam Carrick in Rocket zone.
0:56 of 3rd period - Wrist shot by Brandon Kozun.
0:56 of 3rd period - Stopped by Adam Werner with a rebound.
0:58 of 3rd period - Slapshot by Luca Sbisa.
0:58 of 3rd period - Stopped by Adam Werner with a rebound.
1:00 of 3rd period - Slapshot by William Carrier.
1:00 of 3rd period - Stopped by Adam Werner with a rebound.
2:20 of 3rd period - Cole Ully is hit by Andrey Pedan and loses puck.
2:44 of 3rd period - Penalty to Danton Heinen is over, Danton Heinen is back on ice.
2:54 of 3rd period - Arturs Kulda is hit by Ty Rattie and loses puck.
3:24 of 3rd period - Slapshot by Adam Fox.
3:24 of 3rd period - Stopped by Joacim Eriksson without a rebound.
3:25 of 3rd period - Sergey Tolchinsky wins face-off versus Sam Carrick in Barracuda zone.
3:27 of 3rd period - Minor Penalty to Brandon Kozun for Tripping.
3:28 of 3rd period - Sam Carrick wins face-off versus Corey Trivino in Barracuda zone.
3:40 of 3rd period - Luca Sbisa is hit by Adrian Kempe and loses puck.
4:44 of 3rd period - Peter Holland is hit by Alex Henriksson and loses puck.
5:04 of 3rd period - Danton Heinen is hit by Sam Carrick and loses puck.
5:27 of 3rd period - Penalty to Brandon Kozun is over, Brandon Kozun is back on ice.
6:37 of 3rd period - Slapshot by Jakob Chychrun.
6:37 of 3rd period - Shot Blocked by Viktor Loov.
6:39 of 3rd period - Slapshot by Robin Norell.
6:39 of 3rd period - Shot Misses the Net.
6:49 of 3rd period - Wrist shot by Emil Pettersson.
6:49 of 3rd period - Stopped by Adam Werner without a rebound.
6:50 of 3rd period - Corey Trivino wins face-off versus Emil Pettersson in Rocket zone.
7:25 of 3rd period - Snap shot by William Carrier.
7:25 of 3rd period - Shot Blocked by Andrei Mironov.
7:55 of 3rd period - Corey Trivino is hit by Luca Sbisa and loses puck.
8:20 of 3rd period - Slapshot by Sergey Tolchinsky.
8:20 of 3rd period - Shot Misses the Net.
8:50 of 3rd period - Snap shot by Corey Trivino.
8:50 of 3rd period - Shot Blocked by Theodor Blueger.
8:52 of 3rd period - Slapshot by Corey Trivino.
8:52 of 3rd period - Goal by Corey Trivino - Rocket : 3 - Barracuda : 5.
8:53 of 3rd period - Sam Carrick wins face-off versus Tyler Pitlick in neutral zone.
8:56 of 3rd period - Slapshot by Arturs Kulda.
8:56 of 3rd period - Stopped by Adam Werner with a rebound.
9:37 of 3rd period - Emil Pettersson is hit by Sergey Tolchinsky.
9:44 of 3rd period - Icing by Andrey Pedan.
9:45 of 3rd period - Theodor Blueger wins face-off versus Dominic Turgeon in Rocket zone.
10:20 of 3rd period - Snap shot by Mattias Tedenby.
10:20 of 3rd period - Deflect By Corey Trivino.
10:20 of 3rd period - Stopped by Joacim Eriksson with a rebound.
10:42 of 3rd period - Wrist shot by Cole Ully.
10:42 of 3rd period - Stopped by Adam Werner with a rebound.
10:52 of 3rd period - Wrist shot by Viktor Loov.
10:52 of 3rd period - Shot Blocked by Luca Sbisa.
10:54 of 3rd period - Snap shot by Kole Sherwood.
10:54 of 3rd period - Stopped by Joacim Eriksson with a rebound.
11:23 of 3rd period - Off-side.
11:24 of 3rd period - Corey Trivino wins face-off versus Emil Pettersson in neutral zone.
12:16 of 3rd period - Snap shot by Arturs Kulda.
12:16 of 3rd period - Shot Misses the Net.
12:22 of 3rd period - Slapshot by Jack Glover.
12:22 of 3rd period - Stopped by Joacim Eriksson without a rebound.
12:23 of 3rd period - Corey Trivino wins face-off versus Sam Carrick in Barracuda zone.
12:24 of 3rd period - Snap shot by Mattias Tedenby.
12:24 of 3rd period - Shot Blocked by Brandon Kozun.
13:37 of 3rd period - Wrist shot by Karson Kuhlman.
13:37 of 3rd period - Shot Misses the Net.
13:39 of 3rd period - Snap shot by Jack Glover.
13:39 of 3rd period - Shot Hit the Post.
13:56 of 3rd period - Slapshot by Corey Trivino.
13:56 of 3rd period - Shot Misses the Net.
14:16 of 3rd period - Peter Holland is hit by Arturs Kulda and loses puck.
14:29 of 3rd period - Wrist shot by Alex Henriksson.
14:29 of 3rd period - Deflect By Andrei Mironov.
14:29 of 3rd period - Shot Misses the Net.
14:29 of 3rd period - Puck is out of play.
14:30 of 3rd period - Dominic Turgeon wins face-off versus Theodor Blueger in Rocket zone.
14:41 of 3rd period - Wrist shot by Ty Rattie.
14:41 of 3rd period - Shot Misses the Net.
14:55 of 3rd period - Chris Wagner is hit by Adrian Kempe and loses puck.
15:06 of 3rd period - Wrist shot by Theodor Blueger.
15:06 of 3rd period - Stopped by Adam Werner without a rebound.
15:07 of 3rd period - Corey Trivino wins face-off versus Sam Carrick in Rocket zone.
15:07 of 3rd period - Corey Trivino is hit by William Carrier.
15:10 of 3rd period - Minor Penalty to Andrey Pedan for Diving.
15:11 of 3rd period - Sam Carrick wins face-off versus Mattias Tedenby in Rocket zone.
15:44 of 3rd period - Off-side.
15:45 of 3rd period - Sam Carrick wins face-off versus Corey Trivino in neutral zone.
17:10 of 3rd period - Penalty to Andrey Pedan is over, Andrey Pedan is back on ice.
17:19 of 3rd period - Icing by Peter Holland.
17:20 of 3rd period - Dominic Turgeon wins face-off versus Theodor Blueger in Rocket zone.
17:29 of 3rd period - Slapshot by Alex Henriksson.
17:29 of 3rd period - Stopped by Adam Werner with a rebound.
17:31 of 3rd period - Slapshot by Alex Henriksson.
17:31 of 3rd period - Stopped by Adam Werner with a rebound.
17:33 of 3rd period - Slapshot by Jakob Chychrun.
17:33 of 3rd period - Stopped by Adam Werner without a rebound.
17:34 of 3rd period - Sam Carrick wins face-off versus Corey Trivino in Rocket zone.
17:41 of 3rd period - Snap shot by Brandon Kozun.
17:41 of 3rd period - Deflect By William Carrier.
17:41 of 3rd period - Stopped by Adam Werner with a rebound.
17:43 of 3rd period - Slapshot by Brandon Kozun.
17:43 of 3rd period - Stopped by Adam Werner without a rebound.
17:44 of 3rd period - Corey Trivino wins face-off versus Sam Carrick in Rocket zone.
18:05 of 3rd period - Snap shot by Brandon Kozun.
18:05 of 3rd period - Stopped by Adam Werner with a rebound.
18:17 of 3rd period - Snap shot by Sam Carrick.
18:17 of 3rd period - Stopped by Adam Werner with a rebound.
18:29 of 3rd period - Snap shot by Sam Carrick.
18:29 of 3rd period - Stopped by Adam Werner with a rebound.
18:31 of 3rd period - Snap shot by William Carrier.
18:31 of 3rd period - Shot Misses the Net.
18:33 of 3rd period - Wrist shot by Brandon Kozun.
18:33 of 3rd period - Shot Misses the Net.
18:35 of 3rd period - Snap shot by William Carrier.
18:35 of 3rd period - Goal by William Carrier - Rocket : 3 - Barracuda : 6.
18:36 of 3rd period - Peter Holland wins face-off versus Emil Pettersson in neutral zone.
18:45 of 3rd period - Snap shot by Peter Holland.
18:45 of 3rd period - Stopped by Joacim Eriksson with a rebound.
18:47 of 3rd period - Snap shot by Danton Heinen.
18:47 of 3rd period - Stopped by Joacim Eriksson with a rebound.
18:49 of 3rd period - Slapshot by Andrei Mironov.
18:49 of 3rd period - Shot Blocked by Luca Sbisa.
18:51 of 3rd period - Slapshot by Andrei Mironov.
18:51 of 3rd period - Stopped by Joacim Eriksson with a rebound.
19:10 of 3rd period - Slapshot by Adam Fox.
19:10 of 3rd period - Shot Blocked by Luca Sbisa.
19:29 of 3rd period - Tyler Pitlick is hit by Samuel Groulx and loses puck.
19:36 of 3rd period - Wrist shot by Alex Henriksson.
19:36 of 3rd period - Shot Misses the Net.
19:38 of 3rd period - Backhand shot by Alex Henriksson.
19:38 of 3rd period - Shot Misses the Net.
19:40 of 3rd period - Slapshot by David Shields.
19:40 of 3rd period - Deflect By Theodor Blueger.
19:40 of 3rd period - Stopped by Adam Werner with a rebound.
19:42 of 3rd period - Snap shot by Theodor Blueger.
19:42 of 3rd period - Shot Misses the Net.
Goals for this period are 1 for Rocket vs 1 for Barracuda.
Shots for this period are 8 for Rocket vs 18 for Barracuda.